 Dungeon Crawl Stone Soup version 0.30-a0-358-g0d69a1922f (webtiles) character file.

Game seed: 10610106816708449754

11634 mopl the Arsonist (level 11, 0/92 HPs)
             Began as a Pale Draconian Fire Elementalist on Nov 9, 2022.
             Was a High Priest of Vehumet.
             Slain by an eight-headed hydra (10 damage)
             ... on level 1 of the Lair of Beasts.
             The game lasted 00:18:54 (10455 turns).

mopl the Arsonist (DrFE)                           Turns: 10455, Time: 00:18:55

Health: 0/92       AC: 12    Str: 10    XL:     11   Next: 51%
Magic:  10/21      EV: 13    Int: 21    God:    Vehumet [*****.]
Gold:   20         SH:  0    Dex: 11    Spells: 4/24 levels left

rFire   . . .      SeeInvis +    a - staff of conjuration
rCold   . . .      Faith    .    (no shield)
rNeg    . . .      Spirit   .    (body armour unavailable)
rPois   .          Reflect  .    (helmet restricted)
rElec   .          Harm     .    m - +0 cloak
rCorr   .          Rampage  .    (no gloves)
Will    .....                    (no boots)
Stlth   ++........               f - amulet of regeneration
HPRegen 1.15/turn                j - ring of see invisible
MPRegen 0.17/turn                L - +4 ring of protection

@: short of breath
A: breathe steam, AC +7, unfitting armour, cold-blooded, steam resistance
a: Breathe Steam, Renounce Religion


You were on level 1 of the Lair of Beasts.
You worshipped Vehumet.
Vehumet was extremely pleased with you.
You visited 2 branches of the dungeon, and saw 12 of its levels.

You collected 712 gold pieces.
You spent 692 gold pieces at shops.

Inventory:

Hand Weapons
 b - a +2 dagger of electrocution
 Q - a +2 dagger of venom
Missiles
 l - 15 poisoned darts
 w - 8 curare-tipped darts
 y - 4 throwing nets
 R - 2 boomerangs
Armour
 m - a +0 cloak (worn)
Magical Staves
 a - a staff of conjuration (weapon)
 N - a staff of death
Jewellery
 f - an amulet of regeneration (around neck)
 j - a ring of see invisible (left hand)
 L - a +4 ring of protection (right hand)
 O - a +6 ring of dexterity
Wands
 q - a wand of acid (7)
 u - a wand of flame (58)
 G - a wand of charming (10)
 K - a wand of digging (4)
 P - a wand of polymorph (1)
Scrolls
 c - 4 scrolls of teleportation
 g - 2 scrolls of amnesia {unknown}
 o - 2 scrolls of noise
 r - 3 scrolls of fog {unknown}
 s - 4 scrolls of identify
 v - 3 scrolls of poison {unknown}
 x - a scroll of enchant weapon {unknown}
 A - a scroll of magic mapping {unknown}
 F - 2 scrolls of vulnerability {unknown}
 H - 2 scrolls of enchant armour {unknown}
 J - a scroll of brand weapon {unknown}
 M - a scroll of immolation {unknown}
Potions
 d - 5 potions of resistance
 e - 4 potions of curing
 h - 2 potions of lignification {!q}
 i - 4 potions of brilliance
 k - 4 potions of mutation {!q}
 n - 7 potions of heal wounds
 p - 2 potions of magic
 t - 3 potions of might
 B - 2 potions of flight
 C - 2 potions of haste
 D - a potion of invisibility
 E - 2 potions of ambrosia
 I - 2 potions of cancellation


   Skills:
 + Level 7.1 Fighting
 - Level 5.0 Dodging
 - Level 1.7 Stealth
 + Level 7.0 Spellcasting
 + Level 7.2 Conjurations
 - Level 3.0 Translocations
 * Level 9.9 Fire Magic
 - Level 7.0 Air Magic
 + Level 7.0 Evocations


You had 4 spell levels left.
You knew the following spells:

 Your Spells              Type           Power      Damage    Failure   Level
a - Conjure Ball Lightni  Conj/Air       27%        3x3d9     19%         6
b - Scorch                Fire           98%        2d9       1%          2
c - Kindle Blastsparks    Fire/Tloc/Air  70%        2d15      1%          3
d - Flame Wave            Conj/Fire      60%        2d14      1%          4
e - Foxfire               Conj/Fire      100%       2x1d9     1%          1
f - Airstrike             Air            18%        2d(3-19)  1%          4

Your spell library contained the following spells:

 Spells                   Type           Power      Damage    Failure   Level
 Magic Dart               Conj           100%       1d8       1%          1
 Searing Ray              Conj           100%       2d8       1%          2
 Inner Flame              Hex/Fire       28%        N/A       1%          3
 Fulminant Prism          Conj/Hex       17%        3d10      5%          4


Dungeon Overview and Level Annotations

Branches:
Dungeon (11/15)            Temple (0/1) D:7            Lair (1/5) D:8
    Orc (0/2) D:11

Altars:
Cheibriados
Elyvilon
Fedhas
Gozag
Kikubaaqudgha
Okawaru
Uskayaw
Vehumet
Wu Jian
Xom
Zin

Shops:
D:1 !   D:2 (   D:9 *:*

Annotations:
D:3 1 runed translucent door, Crazy Yiuf


Innate Abilities, Weirdness & Mutations

You can breathe blasts of scalding, opaque steam.
Your pale cyan-grey scales are hard. (AC +7)
You cannot fit into any form of body armour.
You are cold-blooded and may be slowed by cold attacks.
You are immune to the effects of steam.


Message History

The blast of lightning engulfs you!
The blast of lightning engulfs the fungus!
The fungus begins to die.
The fungus is lightly damaged.
Your ball lightning explodes!
The blast of lightning engulfs you!
The blast of lightning engulfs the eight-headed hydra.
The eight-headed hydra is heavily wounded.
The blast of lightning engulfs the fungus!
The fungus is lightly damaged.
Unknown command.
Okay, then.
Casting: Scorch (safe; 1% risk of failure)
Confirm with . or Enter, or press ? or * to list all spells.
Flames lash the water moccasin.
The water moccasin is burned terribly!
The water moccasin is almost dead.
The eight-headed hydra bites you. x2; The eight-headed hydra bites you!
The eight-headed hydra bites you but does no damage.
The eight-headed hydra closely misses you.
The eight-headed hydra bites you. The eight-headed hydra misses you. x2
Casting: Scorch (safe; 1% risk of failure)
Confirm with . or Enter, or press ? or * to list all spells.
Flames lash the water moccasin.
The water moccasin is burned terribly!
You kill the water moccasin!
Vehumet accepts your kill. The eight-headed hydra bites you!
* * * LOW HITPOINT WARNING * * *
The eight-headed hydra bites you!
* * * LOW HITPOINT WARNING * * *
The eight-headed hydra barely misses you.
The eight-headed hydra bites you.
* * * LOW HITPOINT WARNING * * *
The eight-headed hydra barely misses you.
The eight-headed hydra closely misses you.
The eight-headed hydra bites you but does no damage.
The eight-headed hydra barely misses you.
As you read the scroll labelled MECIEDD IKHUO, it crumbles to dust.
You hear a loud clanging noise!
It was a scroll of noise.
The eight-headed hydra bites you!
You die...

##............#
#.........§...#
#.........§....
...............
.............#
............#
......†D..#
.......@.#
....>..P.#
....###### ###


You could see an eight-headed hydra.

Vanquished Creatures
  A two-headed ogre (D:10)
  Pikel (D:7)
  Joseph (D:7)
  A gargoyle (D:10)
  2 unseen horrors
  A hornet (D:10)
  A wraith (D:11)
  Eustachio (D:6)
  2 wyverns (D:7)
  18 yaks
  2 steam dragons
  5 wargs
  2 vampire mosquitoes (D:10)
  4 water moccasins
  Edmund (D:6)
  An acid dragon (D:11)
  3 orc warriors
  3 sky beasts (D:8)
  2 black bears
  3 ice beasts
  2 lemures (D:7)
  2 ogres (D:5)
  5 centaurs
  A phantom (D:5)
  A kobold brigand (D:8)
  A bullfrog (D:8)
  2 necrophages
  4 scorpions
  5 wights (D:6)
  13 killer bees
  2 howler monkeys (D:7)
  11 orc priests
  4 hounds
  2 gnoll boudas
  3 jellies
  2 iguanas
  14 orc wizards
  Robin (D:2)
  19 gnolls
  5 adders
  An ufetubus (D:5)
  A worm (D:2)
  2 dart slugs
  38 orcs
  7 ball pythons
  4 bats
  3 endoplasms
  3 giant cockroaches
  14 goblins
  9 hobgoblins
  2 jackals (D:1)
  3 quokkas
  3 frilled lizards
  15 kobolds
  6 rats
265 creatures vanquished.

Vanquished Creatures (others)
  3 ball lightnings (Lair:1)
  7 foxfires (D:1)
  15 fungi (D:5)
  2 plants
27 creatures vanquished.

Grand Total: 292 creatures vanquished

Notes
Turn   | Place    | Note
-------+----------+-------------------------------------------
     0 | D:1      | mopl the Draconian Fire Elementalist began the quest for
                  | the Orb.
     0 | D:1      | Reached XP level 1. HP: 14/14 MP: 3/3
   173 | D:1      | Reached XP level 2. HP: 20/20 MP: 1/5
   185 | D:1      | Learned a level 2 spell: Scorch
   285 | D:1      | Found Ruchuock's Distillery.
   307 | D:1      | Bought a potion of curing for 39 gold pieces
   307 | D:1      | Bought a potion of attraction for 39 gold pieces
   451 | D:1      | Reached skill level 2 in Conjurations
   828 | D:2      | Noticed Robin
   857 | D:2      | Reached XP level 3. HP: 21/26 MP: 7/7
   925 | D:2      | Killed Robin
   948 | D:2      | Reached skill level 3 in Spellcasting
  1337 | D:2      | Found Munete's Weapon Boutique.
  1361 | D:2      | Found a faded altar of an unknown god.
  1473 | D:2      | Reached XP level 4. HP: 33/33 MP: 5/8
  1492 | D:2      | Found a radiant altar of Vehumet.
  1652 | D:2      | Became a worshipper of Vehumet
  1698 | D:1      | Bought a potion of brilliance for 52 gold pieces
  2134 | D:3      | Reached skill level 3 in Conjurations
  2222 | D:3      | Reached skill level 2 in Dodging
  2222 | D:3      | Found a shimmering altar of Xom.
  2225 | D:3      | Reached * piety under Vehumet
  2225 | D:3      | Offered knowledge of Kiss of Death by Vehumet.
  2515 | D:3      | Found a runed translucent door.
  2516 | D:3      | Noticed Crazy Yiuf
  2600 | D:4      | Reached XP level 5. HP: 39/39 MP: 7/10
  2620 | D:4      | Reached skill level 1 in Fighting
  2663 | D:3      | Reached skill level 1 in Evocations
  2956 | D:4      | Reached XP level 6. HP: 38/48 MP: 2/11
  3154 | D:4      | Reached skill level 2 in Fighting
  3265 | D:4      | You fall into a shaft and drop 3 floors!
  3301 | D:7      | Noticed a water moccasin
  3396 | D:7      | Reached skill level 4 in Spellcasting
  3398 | D:7      | Reached skill level 2 in Evocations
  3414 | D:7      | Reached skill level 4 in Conjurations
  3419 | D:7      | Reached skill level 3 in Dodging
  3419 | D:7      | Your scales start taking on a pale cyan-grey colour.
  3419 | D:7      | Reached XP level 7. HP: 41/56 MP: 2/13
  3419 | D:7      | Gained mutation: You are immune to the effects of steam.
                  | [Pale Draconian growth]
  3421 | D:7      | Reached skill level 3 in Fighting
  3490 | D:7      | Learned a level 3 spell: Kindle Blastsparks
  3495 | D:7      | Learned a level 4 spell: Flame Wave
  3517 | D:7      | Noticed Pikel
  3537 | D:7      | Reached skill level 3 in Evocations
  3592 | D:6      | Noticed Edmund
  3613 | D:6      | Killed Edmund
  3614 | D:6      | Reached skill level 1 in Air Magic
  3753 | D:5      | Entered Level 5 of the Dungeon
  3994 | D:5      | Found an ornate altar of the Wu Jian Council.
  4038 | D:5      | Reached skill level 4 in Fire Magic
  4038 | D:5      | Reached skill level 2 in Air Magic
  4038 | D:5      | Reached XP level 8. HP: 45/63 MP: 5/14
  4129 | D:5      | Reached ** piety under Vehumet
  4181 | D:5      | Offered knowledge of Shock by Vehumet.
  4182 | D:5      | Reached skill level 3 in Air Magic
  4193 | D:5      | Reached skill level 4 in Fighting
  4256 | D:5      | Reached skill level 5 in Fire Magic
  4334 | D:5      | Found an opulent altar of Gozag.
  4936 | D:1      | Bought 2 potions of flight for 78 gold pieces
  4936 | D:1      | Bought a potion of haste for 130 gold pieces
  5089 | D:6      | Reached skill level 4 in Dodging
  5089 | D:6      | Reached skill level 5 in Spellcasting
  5089 | D:6      | Reached skill level 5 in Conjurations
  5089 | D:6      | Reached skill level 4 in Evocations
  5134 | D:6      | Reached skill level 4 in Air Magic
  5153 | D:6      | Found a blossoming altar of Fedhas.
  5178 | D:6      | Reached XP level 9. HP: 70/72 MP: 13/16
  5312 | D:6      | Noticed Eustachio
  5322 | D:6      | Killed Eustachio
  5348 | D:6      | Found a radiant altar of Vehumet.
  5359 | D:6      | Reached skill level 6 in Fire Magic
  5374 | D:6      | Found an iron altar of Okawaru.
  5802 | D:6      | Found a glowing silver altar of Zin.
  5952 | D:1      | Bought a potion of invisibility for 104 gold pieces
  6203 | D:7      | Found a staircase to the Ecumenical Temple.
  6283 | D:7      | Reached skill level 5 in Air Magic
  6284 | D:7      | Noticed Joseph
  6289 | D:7      | Killed Joseph
  6298 | D:7      | Found a hide-covered altar of Uskayaw.
  6447 | D:7      | Reached skill level 5 in Fighting
  6499 | D:7      | Found an ancient bone altar of Kikubaaqudgha.
  6580 | D:7      | Killed Pikel
  6581 | D:7      | Reached skill level 5 in Evocations
  6698 | D:7      | Offered knowledge of Static Discharge by Vehumet.
  6699 | D:7      | Reached skill level 7 in Fire Magic
  6699 | D:7      | Reached skill level 6 in Air Magic
  6699 | D:7      | Reached XP level 10. HP: 73/81 MP: 11/18
  6735 | D:7      | Reached skill level 5 in Dodging
  7073 | D:7      | Reached skill level 6 in Conjurations
  7200 | D:8      | Reached *** piety under Vehumet
  7210 | D:8      | Reached skill level 1 in Translocations
  7389 | D:8      | Offered knowledge of Airstrike by Vehumet.
  7390 | D:8      | Reached skill level 6 in Spellcasting
  7395 | D:8      | Learned a level 4 spell: Airstrike
  7432 | D:8      | Found a white marble altar of Elyvilon.
  7455 | D:8      | Found a staircase to the Lair.
  7509 | D:8      | Reached skill level 7 in Air Magic
  7514 | D:8      | Reached skill level 8 in Fire Magic
  7515 | D:8      | Reached skill level 6 in Fighting
  7515 | D:8      | Reached skill level 2 in Translocations
  8070 | D:9      | Reached skill level 6 in Evocations
  8082 | D:9      | Found Sofel's Book Emporium.
  8128 | D:9      | Found Avvugubu's Assorted Antiques.
  8139 | D:9      | Reached **** piety under Vehumet
  8247 | D:9      | Found a snail-covered altar of Cheibriados.
  8369 | D:9      | Offered knowledge of Frozen Ramparts by Vehumet.
  8446 | D:9      | Found Gaiwn's General Store.
  8454 | D:9      | Bought a potion of might for 60 gold pieces
  8454 | D:9      | Bought a scroll of identify for 30 gold pieces
  8593 | D:9      | Bought a scroll labelled DAAFUL JYDADUE for 28 gold pieces
  8593 | D:9      | Bought a scroll labelled BUUS KAF YRIJ for 28 gold pieces
  8767 | D:10     | Entered Level 10 of the Dungeon
  8868 | D:10     | Noticed a gargoyle
  8882 | D:10     | Killed a gargoyle
  8883 | D:10     | Reached XP level 11. HP: 90/90 MP: 4/20
  9075 | D:10     | Noticed a two-headed ogre
  9092 | D:10     | Killed a two-headed ogre
  9093 | D:10     | Reached skill level 3 in Translocations
  9093 | D:10     | Reached skill level 9 in Fire Magic
  9127 | D:10     | Reached skill level 7 in Conjurations
  9467 | D:11     | Reached skill level 7 in Fighting
  9535 | D:11     | Found a staircase to the Orcish Mines.
  9537 | D:11     | Reached ***** piety under Vehumet
  9577 | D:11     | Reached skill level 7 in Spellcasting
  9598 | D:11     | Offered knowledge of Conjure Ball Lightning by Vehumet.
  9696 | D:11     | Learned a level 6 spell: Conjure Ball Lightning
  9887 | D:11     | Reached skill level 7 in Evocations
 10295 | D:1      | Bought a potion of mutation for 104 gold pieces
 10448 | Lair:1   | Entered Level 1 of the Lair of Beasts
 10448 | Lair:1   | Noticed an eight-headed hydra
 10455 | Lair:1   | Slain by an eight-headed hydra

Illustrated notes

Levels and vault maps discovered:
D:1:      kilobyte_arrival_exit_the_forest, layout_basic, serial_shops,
          shop_coins
D:2:      layout_loops_ring, basic_altar, serial_shops,
          nicolae_shop_temple_entry_statues_fountains,
          hellmonk_ecumenical_altar_arch_garden, serial_bayou_pond_c, uniq_robin
D:3:      layout_loops_ring, brannock_xom_greatest_gift,
          grunt_decor_mini_mirrors, grunt_decor_resistance,
          hangedman_abyss_or_decor_lesser_grid, uniq_crazy_yiuf_cottage
D:4:      layout_rooms, serial_bayou_lagoon_b
D:5:      layout_basic, mainiacjoe_overflow_chevrons, grunt_gozag_breadcrumbs,
          serial_aquarium, aquarium_bridge_straight [aquarium_subvault_bridge,
          aquarium_subvault_window, aquarium_subvault_bridge,
          aquarium_subvault_wall], aquarium_window_corridor_3,
          aquarium_window_fake, aquarium_view_2d, aquarium_view_2f,
          aquarium_balcony_3b, minmay_increasing_density
D:6:      layout_basic, nicolae_overflow_quartered_altars, uniq_eustachio,
          uniq_edmund
D:7:      layout_cave_pods, mainiacjoe_overflow_surrounded_room,
          nicolae_kikubaaqudgha_miasma_corner, temple_pool_b,
          nrook_loot_triangle, uniq_pikel, uniq_joseph
D:8:      layout_loops_corners, nicolae_elyvilon_peaceful_grove,
          erik_lair_orcish_takeover, hangedman_misty_isle
D:9:      layout_loops_ring, kennysheep_mini_moat, serial_shops,
          nicolae_shop_statue_plus, nicolae_inconvenience_store,
          nicolae_shop_stone
D:10:     layout_cave_pools
D:11:     layout_irregular_city, erik_orc_4
Lair:1:   layout_cave_pods

Skill      XL: |  1  2  3  4  5  6  7  8  9 10 11 |
---------------+----------------------------------+-----
Conjurations   | 2 3 4 5 6 7 |  7.2
Spellcasting   | 3 4 5 6 7 |  7.0
Dodging        | 2 3 4 5 |  5.0
Fighting       | 1 2 3 4 5 6 7 |  7.1
Evocations     | 1 2 3 4 5 6 7 |  7.0
Air Magic      | 2 4 6 7 |  7.0
Fire Magic     | 4 5 7 8 9 |  9.9
Translocations | 2 3 |  3.0
Stealth        | |  1.7

Action                   |  1- 3 |  4- 6 |  7- 9 | 10-12 || total
-------------------------+-------+-------+-------+-------++-------
Melee: Unarmed           |    15 |       |       |       ||    15
       Spear             |    75 |    19 |       |       ||    94
       Tailslap          |     2 |    11 |     7 |     9 ||    29
       Punch             |     1 |     3 |     1 |     2 ||     7
       Dagger            |       |    81 |    69 |    66 ||   216
 Cast: Foxfire           |     5 |       |       |       ||     5
       Scorch            |    22 |    48 |    77 |   146 ||   293
       Kindle Blastspark |       |       |     2 |     3 ||     5
       Airstrike         |       |       |       |     4 ||     4
       Conjure Ball Ligh |       |       |       |     1 ||     1
 Abil: Breathe Steam     |       |       |     8 |    22 ||    30
Evoke: Wand              |       |     1 |     3 |       ||     4
  Use: Potion            |       |     2 |       |       ||     2
       Scroll            |       |     1 |       |     5 ||     6
 Stab: Sleeping          |     3 |     3 |     1 |       ||     7
Armor: Skin              |    39 |    75 |    39 |    67 ||   220
Dodge: Dodged            |    63 |   113 |   111 |   116 ||   403

Table legend: (Time is in decaauts)
 A = Elapsed time spent in this place.
 B = Non-inter-level travel time spent in this place.
 C = Inter-level travel time spent in this place.
 D = Time resting spent in this place.
 E = Time spent auto-exploring this place.
 F = Levels seen in this place.
 G = Mean time per level.
                   A        B        C        D        E       F      G
               +--------+--------+--------+--------+--------+-----+--------+
         Total |  10517 |   9273 |   1244 |   1008 |   6382 |  12 |  876.4 |
       Dungeon |  10511 |   9268 |   1243 |   1008 |   6382 |  11 |  955.5 |
          Lair |      6 |      6 |      0 |      0 |      0 |   1 |    6.0 |
               +--------+--------+--------+--------+--------+-----+--------+

Top non-repeatable levels by time:
     D:7: 1315 daAuts
     D:3: 1279 daAuts
     D:6: 1150 daAuts
     D:2: 1035 daAuts
     D:1: 990 daAuts
     D:5: 988 daAuts
     D:8: 923 daAuts
    D:11: 795 daAuts
     D:9: 735 daAuts
     D:4: 735 daAuts
    D:10: 562 daAuts
  Lair:1: 6 daAuts
